 Dungeon Crawl Stone Soup version 0.24.0-123-gd5b16e6ec5 (webtiles) character file.

Game seed: 416224702133697923, levelgen mode: deterministic

162 ReteAZ the Covered (level 5, 0/42 HPs)
             Began as a Human Fighter on Dec 29, 2019.
             Slain by an orc wizard
             ... wielding a +0 dagger
              (4 damage)
             ... on level 3 of the Dungeon.
             The game lasted 00:03:39 (1801 turns).

ReteAZ the Covered (Human Fighter)                  Turns: 1801, Time: 00:03:40

Health: 0/42       AC:  7    Str: 18    XL:     5   Next: 71%
Magic:  0/5        EV:  7    Int:  8    God:
Gold:   133        SH:  9    Dex: 12    Spells: 4/4 levels left

rFire    . . .     SeeInvis .   a - +0 long sword
rCold    . . .     Gourm    .   c - +0 shield
rNeg     . . .     Faith    .   b - +0 scale mail
rPois    .         Spirit   +   (no helmet)
rElec    .         Reflect  .   n - scarf {Spirit}
rCorr    .         Harm     .   (no gloves)
MR       .....                  (no boots)
Stlth    ..........             (no amulet)
HPRegen  0.14/turn              (no ring)
MPRegen  0.09/turn              (no ring)

@: no status effects
A: no striking features
a: no special abilities


You were on level 3 of the Dungeon.
You were not hungry.

You visited 1 branch of the dungeon, and saw 3 of its levels.

You collected 133 gold pieces.

Inventory:

Hand Weapons
 a - a +0 long sword (weapon)
Armour
 b - a +0 scale mail (worn)
 c - a +0 shield (worn)
 n - a scarf of spirit shield (worn)
Scrolls
 e - 2 scrolls of identify {unknown}
 k - 3 scrolls of random uselessness {unknown}
 l - a scroll of blinking {unknown}
 m - a scroll of remove curse {unknown}
Comestibles
 f - 7 rations
 h - 2 chunks of flesh


   Skills:
 + Level 3.7 Fighting
 * Level 3.7 Long Blades
 + Level 3.8 Armour
 + Level 3.7 Shields


You had 4 spell levels left.
You didn't know any spells.
Your spell library was empty.

Dungeon Overview and Level Annotations

Branches:
Dungeon (3/15)

Altars:
Hepliaklqana
Qazlal


Message History

You slash the goblin!
You kill the goblin!
You slash something! You block the orc's attack.
Something hits you but does no damage.
Items here: ) ††† a +0 club; a goblin corpse; a bat corpse; a hobgoblin corpse You hit the orc.
The orc is lightly wounded.
You block the orc's attack. Something hits you but does no damage.
You hit the orc but do no damage.
The orc is lightly wounded.
You block the orc's attack.
You hear some strange, mumbled words.
A puff of flame appears from out of thin air!
The puff of flame hits you!
* * * LOW HITPOINT WARNING * * *
You hit the orc but do no damage.
The orc is lightly wounded.
The orc hits you but does no damage. Something hits you.
You die...

#.o.... ###### .o#... #.....
...?. #.#... #..o# ###.#...
#...# #......# #.o.#
######## #.#.#### #...#
#.)..(.####.#.####
#...###@###.....#.#.....
#.(...).o.#..##.#.######
#####...###.#.........# .
.......<.........(..####....
..................>.)......
....................####....
#####...#####.##..### .
#...............#
#...######.#.##.#


You could see an orc.

Vanquished Creatures
  An orc priest (D:3)
  6 adders
  2 worms (D:2)
  2 dart slugs
  3 leopard geckos
  An orc (D:3)
  8 bats
  8 giant cockroaches (D:1)
  2 goblins
  10 hobgoblins
  7 jackals
  6 kobolds
  A ball python (D:1)
  2 frilled lizards (D:2)
  5 rats
64 creatures vanquished.

Notes
Turn   | Place    | Note
-------+----------+-------------------------------------------
     0 | D:1      | ReteAZ the Human Fighter began the quest for the Orb.
     0 | D:1      | Reached XP level 1. HP: 18/18 MP: 1/1
    91 | D:1      | Reached XP level 2. HP: 23/24 MP: 2/2
   194 | D:1      | Reached XP level 3. HP: 17/29 MP: 3/3
  1052 | D:2      | Reached XP level 4. HP: 18/35 MP: 4/4
  1263 | D:2      | Reached XP level 5. HP: 16/41 MP: 5/5
  1362 | D:2      | Found a hazy altar of Hepliaklqana.
  1439 | D:2      | Found a stormy altar of Qazlal.
  1801 | D:3      | Slain by an orc wizard

Levels and vault maps discovered:
D:1:      nzn_arrival_crosshair, layout_loops_cross, minmay_misc_feat_cross,
          chequers_jeans, minmay_worlds_worst_comb
D:2:      layout_rooms, nicolae_overflow_hidden_temple, serial_glass,
          glass_columns_a, glass_columns_c, glass_columns_b, glass_columns_a,
          feat_on_display, due_unseen_surprise, first_ration,
          nicolae_qazlal_general_emergency
D:3:      layout_loops_cross, zin_purify

Skill      XL: |  1  2  3  4 |
---------------+-------------+-----
Long Blades    | 3 |  3.7
Fighting       | |  3.7
Armour         | |  3.8
Shields        | |  3.7

Action                   |  1- 3 |  4- 6 || total
-------------------------+-------+-------++-------
Melee: Long sword        |    92 |   119 ||   211
  Use: Potion            |       |     5 ||     5
  Eat: Chunk             |       |     3 ||     3
Armor: Scale mail        |    40 |    74 ||   114
Dodge: Dodged            |    25 |    53 ||    78
Block: Shield            |    47 |    77 ||   124
       Rpst.: Long sword |    12 |    13 ||    25
